 Seeded DCSS version 0.32-a0-898-g7811c86cf0 (webtiles) character file.

Game seed: 13237267006237395893 (custom seed)

10040 Chadd the Thrower (level 11, -2/84 HPs)
             Began as a Coglin Gladiator on Apr 5, 2024.
             Was a High Priest of Okawaru.
             Slain by a komodo dragon simulacrum (13 damage)
             ... in an ice cave.
             The game lasted 00:22:15 (11036 turns).

Chadd the Thrower (Coglin Gladiator)               Turns: 11036, Time: 00:22:15

Health: -2/84      AC: 31    Str: 26    XL:     11   Next: 55%
Magic:  13/13      EV:  9    Int:  7    God:    Okawaru [*****.]
Gold:   801        SH:  0    Dex: 16    Spells: 12/12 levels left

rFire   . . .        a - +0 trident {Yuxuan}
rCold   . . .        i - +0 spear {Heine}
rNeg    . . .        k - +15 plate armour "Wotyjing" {rElec Str+7}
rPois   .            c - +0 helmet
rElec   +            (no cloak)
rCorr   .            y - +0 pair of gloves
SInv    .            H - +0 pair of boots
Will    .....        (amulet unavailable) Stlth
                     (ring unavailable)
HPRegen 0.34/turn    (ring unavailable)
MPRegen 0.13/turn    (no gizmo)

%: no passive effects
@: brilliant, revved
A: off-hand wielding, slow wielding, warmup strikes, no jewellery
a: Invent Gizmo, Renounce Religion, Heroism, Finesse, Duel


You were in an ice cave.
You worshipped Okawaru.
Okawaru was extremely pleased with you.
You visited 2 branches of the dungeon, and saw 13 of its levels.
You also visited: Sewer and Ice Cave.

You collected 801 gold pieces.

Inventory:

Hand Weapons
 a - a +0 trident (weapon) {Yuxuan}
 i - a +0 spear (offhand) {Heine}
Missiles
 d - a throwing net
 e - 2 javelins
 C - 8 boomerangs (quivered)
 E - 27 poisoned darts
Armour
 c - a +0 helmet (worn)
 k - the +15 plate armour "Wotyjing" (worn) {rElec Str+7}
   (You found it on level 2 of the Dungeon)

   Str+7:     It affects your strength (+7).
   rElec:     It insulates you from electricity.
 y - a +0 pair of gloves (worn)
 H - a +0 pair of boots (worn)
Talismans
 B - a beast talisman
Wands
 m - a wand of polymorph (4)
 t - a wand of warping (7)
 I - a wand of acid (10)
 K - a wand of digging (9)
 L - a wand of flame (21)
 N - a wand of mindburst (5)
Scrolls
 b - 3 scrolls of immolation {unknown}
 f - 4 scrolls of amnesia {unknown}
 g - 3 scrolls of enchant armour {unknown}
 h - 4 scrolls of teleportation {unknown}
 j - 9 scrolls of identify {unknown}
 n - a scroll of silence {unknown}
 p - 6 scrolls of noise
 q - a scroll of torment {unknown}
 u - 3 scrolls of enchant weapon {unknown}
 x - 5 scrolls of fear {unknown}
 z - 2 scrolls of blinking {unknown}
 M - 2 scrolls of vulnerability {unknown}
 R - 2 scrolls of poison {unknown}
 S - a scroll of fog {unknown}
Potions
 l - 2 potions of cancellation {unknown}
 o - 3 potions of lignification {unknown}
 r - 2 potions of heal wounds {unknown}
 s - 4 potions of enlightenment
 v - 3 potions of mutation {unknown}
 w - 7 potions of degeneration
 A - 3 potions of curing
 D - 3 potions of haste {unknown}
 F - 2 potions of brilliance
 G - 2 potions of resistance {unknown}
 J - 2 potions of berserk rage {unknown}
 O - 2 potions of ambrosia {unknown}
 P - a potion of magic {unknown}
 Q - a potion of invisibility {unknown}
 T - a potion of might {unknown}


   Skills:
 + Level 7.3 Fighting
 + Level 6.9 Polearms
 + Level 8.2 Throwing
 + Level 5.4 Armour
 + Level 6.8 Dodging
 - Level 1.2 Spellcasting
 * Level 3.5 Invocations
 + Level 7.8 Evocations
 - Level 0.3 Shapeshifting


You had 12 spell levels left.
You didn't know any spells.
Your spell library contained the following spells:

 Spells                   Type           Power      Damage    Failure   Level
 Static Discharge         Conj/Air       0%         3-3/arc   100%        2
 Sublimation of Blood     Necr           0%         N/A       100%        2
 Dazzling Flash           Conj/Hex       0%         N/A       100%        3
 Mephitic Cloud           Conj/Alch/Air  0%         N/A       100%        3
 Volatile Blastmotes      Fire/Tloc      0%         2d10      100%        3
 Airstrike                Air            0%         2d(0-16)  100%        4
 Fulminant Prism          Conj/Alch      0%         3d5       100%        4
 Iskenderun's Mystic Bla Conj/Tloc 0%             2d3        (+2d1     100%        4
 Leda's Liquefaction      Alch/Erth      0%         N/A       100%        4
 Passage of Golubria      Tloc           0%         N/A       100%        4
 Petrify                  Alch/Erth      0%         N/A       100%        4
 Curse of Agony           Necr           0%         N/A       100%        5
 Irradiate                Conj/Alch      0%         3d11      100%        5
 Lee's Rapid Deconstruct  Erth           0%         3d4*      100%        5
 Silence                  Hex/Air        0%         N/A       100%        5
 Permafrost Eruption      Ice/Erth       0%         2x4d1     100%        6
 Lehudib's Crystal Spear  Conj/Erth      0%         10d2      100%        8
 Summon Lightning Spire   Summ/Air       Unusable   N/A       N/A         4

Dungeon Overview and Level Annotations

Branches:
Dungeon (12/15)            Temple (1/1) D:4            Lair (0/5) D:11
    Orc (0/2) D:11          Sewer (visited)           IceCv (1/1)

Altars:
Ashenzari
Cheibriados
Dithmenos
Elyvilon
Fedhas
Gozag
Hepliaklqana
Kikubaaqudgha
Makhleb
Nemelex Xobeh
Okawaru
Qazlal
Ru
Sif Muna
Trog
Uskayaw
Vehumet
Wu Jian
Xom
Yredelemnul
Zin
The Shining One

Shops:
D:5 !   D:9 *

Annotations:
D:3 1 runed translucent door, Crazy Yiuf


Innate Abilities, Weirdness & Mutations

You can wield a second weapon in your off-hand.
It takes a long time for you to wield or remove held weapons.
Your first few attacks do less damage.
You cannot equip rings or amulets.


Message History

The white imp gestures at you. The puff of frost hits you.
You hit the white imp but do no damage.
You puncture the white imp with your +0 trident!
You kill the white imp!
Okawaru accepts your kill.
Magic restored.
Found a frozen archway.
You feel like a meek peon again.
There is a frozen archway here.
The world spins around you as you enter the gateway.
You enter an ice cave!
Found an ice covered gate leading back out of this place.
There is an ice choked empty arch of ancient stone here.
You hit the komodo dragon simulacrum but do no damage.
You barely miss the komodo dragon simulacrum with your +0 trident.
You hit the komodo dragon simulacrum but do no damage.
You hit the komodo dragon simulacrum with your +0 trident.
The komodo dragon simulacrum bites you but does no damage.
You hit the komodo dragon simulacrum but do no damage.
The komodo dragon simulacrum is moderately damaged.
You hit the komodo dragon simulacrum with your +0 spear.
The komodo dragon simulacrum bites you.
The komodo dragon simulacrum freezes you!
The komodo dragon simulacrum bites you but does no damage.
You are too injured to fight recklessly!
You hit the komodo dragon simulacrum but do no damage.
You hit the komodo dragon simulacrum with your +0 spear.
The komodo dragon simulacrum bites you.
The komodo dragon simulacrum freezes you!!
* * * LOW HITPOINT WARNING * * *
You hit the komodo dragon simulacrum with your +0 spear.
The komodo dragon simulacrum is moderately damaged.
You puncture the komodo dragon simulacrum with your +0 trident!
The komodo dragon simulacrum bites you but does no damage.
It was a potion of brilliance.
You feel clever all of a sudden.
The komodo dragon simulacrum bites you but does no damage.
The komodo dragon simulacrum bites you!
You die...

#### ##..##
. ###....##
..##.......#
.......∩.∩.#
#..Z.......#
##..##ZZZ.##
## ##@.##
####


You could see 2 komodo dragon simulacra and a steam dragon simulacrum.

Vanquished Creatures
  A cyclops (D:11)
  3 kobold demonologists (D:9)
  3 komodo dragons (D:11)
  3 trolls
  Prince Ribbit (D:8)
  Grinder (D:3)
  Sigmund (D:2)
  A shadow (D:11)
  2 wyverns
  2 wraiths
  A vampire (D:12)
  9 yaks
  3 steam dragons
  A warg (D:11)
  2 acid dragons (D:11)
  4 sky beasts
  2 ice beasts
  5 orc warriors
  2 centaurs
  An ogre (D:6)
  2 phantoms
  A kobold brigand (D:9)
  A brain worm (Sewer)
  4 bullfrogs
  2 scorpions (D:6)
  12 wights
  3 killer bees
  4 howler monkeys
  2 bombardier beetles
  5 hounds
  4 jellies
  5 orc priests
  A gnoll bouda (D:5)
  A sleepcap (D:7)
  2 iguanas
  6 orc wizards
  Robin (D:2)
  3 gnolls (D:5)
  12 adders
  A river rat (Sewer)
  2 shadow imps (D:5)
  12 white imps (D:12)
  4 ufetubi
  2 ribbon worms
  4 dart slugs
  33 orcs
  13 ball pythons
  4 endoplasms
  9 giant cockroaches
  12 goblins
  4 hobgoblins
  6 jackals
  6 kobolds
  3 quokkas
  8 bats
  7 frilled lizards
  2 rats
251 creatures vanquished.

Notes
Turn   | Place    | Note
-------+----------+-------------------------------------------
     0 | D:1      | Chadd the Coglin Gladiator began the quest for the Orb.
     0 | D:1      | Reached XP level 1. HP: 16/16 MP: 1/1
   118 | D:1      | Reached XP level 2. HP: 20/22 MP: 2/2
   121 | D:1      | Reached skill level 2 in Throwing
   709 | D:2      | Reached XP level 3. HP: 25/28 MP: 3/3
   757 | D:2      | Identified the +15 plate armour "Wotyjing" {rElec Str+7}
   938 | D:2      | Noticed Sigmund
   944 | D:2      | Killed Sigmund
   945 | D:2      | Reached skill level 3 in Throwing
   945 | D:2      | Reached XP level 4. HP: 35/35 MP: 4/4
   945 | D:2      | Reached XP level 5. HP: 41/41 MP: 5/5
  1388 | D:2      | Noticed Robin
  1404 | D:2      | Killed Robin
  1427 | D:3      | Found a faded altar of an unknown god.
  1436 | D:3      | Reached XP level 6. HP: 47/47 MP: 6/6
  1559 | D:3      | Found a runed translucent door.
  1560 | D:3      | Noticed Crazy Yiuf
  1929 | D:3      | Noticed Grinder
  1938 | D:3      | Paralysed by Grinder for 4 turns
  1947 | D:3      | Killed Grinder
  1948 | D:3      | Reached skill level 1 in Evocations
  1948 | D:3      | Reached XP level 7. HP: 37/53 MP: 6/8
  2120 | D:3      | Identified the +9 glaive of Mastery {drain, *Corrode Dex+6}
  2158 | D:3      | Found a glowing silver altar of Zin.
  2343 | D:4      | Found a glowing drain.
  2367 | D:4      | Reached skill level 1 in Armour
  2377 | Sewer    | Entered a sewer
  2578 | Sewer    | Reached skill level 1 in Spellcasting
  3008 | D:4      | Found a staircase to the Ecumenical Temple.
  3039 | Temple   | Entered the Ecumenical Temple
  3060 | Temple   | Became a worshipper of Warmaster Okawaru
  3217 | D:4      | Reached skill level 4 in Throwing
  3537 | D:5      | Entered Level 5 of the Dungeon
  3947 | D:5      | Found Zink's Distillery.
  4257 | D:5      | Reached XP level 8. HP: 51/60 MP: 9/9
  4766 | D:6      | Reached * piety under Okawaru
  4791 | D:6      | Reached skill level 5 in Throwing
  4945 | D:6      | Reached ** piety under Okawaru
  5047 | D:6      | Found a sparkling altar of Nemelex Xobeh.
  5047 | D:6      | Found a shimmering altar of Xom.
  5057 | D:6      | Reached XP level 9. HP: 67/67 MP: 10/10
  5071 | D:6      | Reached skill level 5 in Fighting
  5071 | D:6      | Reached skill level 5 in Polearms
  5072 | D:6      | Reached skill level 5 in Dodging
  5724 | D:7      | Reached skill level 6 in Throwing
  5886 | D:7      | Reached skill level 5 in Evocations
  6067 | D:7      | Reached *** piety under Okawaru
  6813 | D:8      | Found a shimmering blue altar of Sif Muna.
  6848 | D:8      | Reached XP level 10. HP: 45/76 MP: 11/11
  6982 | D:8      | Noticed Prince Ribbit
  6993 | D:8      | Killed Prince Ribbit
  6994 | D:8      | Reached skill level 7 in Throwing
  7005 | D:8      | Reached **** piety under Okawaru
  7489 | D:9      | Found Nuruurghe's General Store.
  7712 | D:9      | Noticed a kobold demonologist
  7713 | D:9      | Noticed a kobold demonologist
  7713 | D:9      | Noticed a kobold demonologist
  7726 | D:9      | Killed a kobold demonologist
  7734 | D:9      | Killed a kobold demonologist
  7747 | D:9      | Killed a kobold demonologist
  7833 | D:9      | Reached ***** piety under Okawaru
  7834 | D:9      | Reached skill level 1 in Invocations
  8266 | D:10     | Entered Level 10 of the Dungeon
  9109 | D:11     | Reached XP level 11. HP: 64/83 MP: 12/12
  9208 | D:11     | Reached skill level 5 in Armour
  9215 | D:11     | Found a staircase to the Lair.
  9227 | D:11     | Reached skill level 8 in Throwing
  9380 | D:11     | Received a gift from Okawaru
  9634 | D:11     | Found a staircase to the Orcish Mines.
  9895 | D:11     | Noticed a cyclops
  9903 | D:11     | Killed a cyclops
 11017 | D:12     | Found a frozen archway.
 11026 | IceCv    | Entered an ice cave
 11036 | IceCv    | Slain by a komodo dragon simulacrum

Illustrated notes

Levels and vault maps discovered:
D:1:      eino_arrival_tree_alley, layout_basic
D:2:      layout_basic, serial_bayou, serial_bayou_pond_d, serial_bayou_shore_b,
          serial_bayou_shore_b, serial_bayou_pond_d, uniq_sigmund, uniq_robin
D:3:      wad_pebble_path, layout_basic, mainiacjoe_overflow_alcove_2,
          ebering_ecumenical_altar_mist, uniq_grinder, uniq_crazy_yiuf_cottage
D:4:      layout_basic, minmay_temple_entry_statues_fountains,
          cheibrodos_sewer_entry_sluice
D:5:      layout_gridville, serial_shops, nicolae_shop_tiny_real_fake_doors,
          minmay_misc_feat_five
D:6:      layout_basic, jmf_multi_god_temple
D:7:      layout_gridville, grunt_ministairs_3
D:8:      layout_rooms, mainiacjoe_overflow_tiny_flanked, uniq_prince_ribbit1
D:9:      layout_small_grid, serial_shops, shop
D:10:     layout_gridville, serial_rivers, chequers_serial_rivers_small_3,
          chequers_serial_rivers_small_a, chequers_serial_rivers_room_b,
          chequers_serial_rivers_micro_d, chequers_serial_rivers_large_a
D:11:     layout_stronghold, grunt_lair_entry_orc_guard_hut, david_orc_3
D:12:     layout_cave_pools, portal_ice_cave_entry_imps, uniq_urug
Temple:   compressed_dpeg_circular_temple
IceCv:    ice_cave_small_dragons

Skill      XL: |  1  2  3  4  5  6  7  8  9 10 11 |
---------------+----------------------------------+-----
Throwing       | 2 3 4 5 6 7 8 |  8.2
Polearms       | 3 4 5 6 |  6.9
Dodging        | 3 4 5 6 |  6.8
Fighting       | 3 4 5 6 7 |  7.3
Evocations     | 1 2 4 5 7 |  7.8
Armour         | 1 2 4 5 |  5.4
Spellcasting   | 1 |  1.2
Invocations    | 1 3 |  3.5
Shapeshifting  | |  0.3

Action                     |  1- 3 |  4- 6 |  7- 9 | 10-12 || total
---------------------------+-------+-------+-------+-------++-------
  Melee: Trident           |    37 |    48 |   379 |   426 ||   890
         Dagger            |    12 |       |       |       ||    12
         Spear             |    24 |    41 |   374 |   409 ||   848
  Throw: Throwing net      |     2 |     1 |       |       ||     3
         Boomerang         |       |       |     9 |     6 ||    15
         Javelin           |       |       |     1 |       ||     1
 Invoke: Heroism           |       |       |       |     5 ||     5
    Use: Potion            |       |       |       |     3 ||     3
   Stab: Sleeping          |     3 |       |       |       ||     3
         Held in net/web   |     2 |     1 |       |       ||     3
 Armour: Leather armour    |    15 |       |       |       ||    15
         Plate armour      |     2 |    20 |   306 |   417 ||   745
  Dodge: Dodged            |    13 |     4 |   145 |   195 ||   357

Table legend: (Time is in decaauts)
 A = Elapsed time spent in this place.
 B = Non-inter-level travel time spent in this place.
 C = Inter-level travel time spent in this place.
 D = Time resting spent in this place.
 E = Time spent auto-exploring this place.
 F = Levels seen in this place.
 G = Mean time per level.
                   A        B        C        D        E       F      G
               +--------+--------+--------+--------+--------+-----+--------+
         Total |  11179 |  10082 |   1097 |   1214 |   7080 |  15 |  745.3 |
       Dungeon |  10405 |   9347 |   1058 |   1214 |   6523 |  12 |  867.1 |
        Temple |     41 |      2 |     39 |      0 |      0 |   1 |   41.0 |
         Sewer |    723 |    723 |      0 |      0 |    557 |   1 |  723.0 |
      Ice Cave |      9 |      9 |      0 |      0 |      0 |   1 |    9.0 |
               +--------+--------+--------+--------+--------+-----+--------+

Top non-repeatable levels by time:
    D:11: 1585 daAuts
     D:7: 1224 daAuts
     D:5: 929 daAuts
     D:6: 904 daAuts
     D:3: 869 daAuts
    D:10: 852 daAuts
     D:4: 827 daAuts
     D:2: 818 daAuts
     D:9: 802 daAuts
   Sewer: 723 daAuts
     D:1: 665 daAuts
     D:8: 631 daAuts
    D:12: 292 daAuts
  Temple: 41 daAuts
   IceCv: 9 daAuts
